 Dungeon Crawl Stone Soup version 0.18.1-6-gd335043 (webtiles) character file.

105 Gottschkopf the Firebug (level 4, 0/33 HPs)
             Began as a Hill Orc Fire Elementalist on May 17, 2016.
             Killed by divine providence
             ... invoked by an orc priest
              (11 damage)
             ... on level 3 of the Dungeon.
             The game lasted 00:07:34 (3387 turns).

Gottschkopf the Firebug (HOFE)                      Turns: 3387, Time: 00:07:35

Health: 0/33       AC:  2    Str: 10    XL:     4   Next: 83%
Magic:  1/6        EV: 12    Int: 16    God:
Gold:   122        SH:  0    Dex: 11    Spells: 3 memorised, 0 levels left

rFire  . . .     SeeInvis .     q - +2 rapier (flame)
rCold  . . .     Gourm    .     a - +0 robe
rNeg   . . .     Faith    .     (no shield)
rPois  .         Spirit   .     (no helmet)
rElec  .         Dismiss  .     (no cloak)
rCorr  .         Reflect  .     (no gloves)
SustAt .         Harm     .     (no boots)
MR     +....                    (no amulet)
Stlth  ++........               (no ring)
                                h - ring of protection from magic

@: somewhat resistant to hostile enchantments, unstealthy
A: no striking features
a: Convert to Beogh


You were on level 3 of the Dungeon.
You were not hungry.

You visited 1 branch of the dungeon, and saw 3 of its levels.

You collected 122 gold pieces.

Inventory:

Hand Weapons
 f - a +0 dagger
 q - a +2 rapier of flaming (weapon)
Armour
 a - a +0 robe (worn)
Jewellery
 h - a ring of protection from magic (left hand)
Scrolls
 d - a scroll of fog {unknown}
 j - 2 scrolls of enchant weapon {unknown}
 k - a scroll of enchant armour {unknown}
 l - a scroll of identify {unknown}
 m - a scroll of random uselessness {unknown}
 p - a scroll of recharging {unknown}
Potions
 e - a potion of heal wounds {unknown}
 i - a potion of flight {unknown}
 o - a potion of curing
Books
 b - a book of Flames

   Spells                             Type                      Level
   a - Flame Tongue                   Conjuration/Fire             1
   b - Throw Flame                    Conjuration/Fire             2
   c - Conjure Flame                  Conjuration/Fire             3
   d - Inner Flame                    Hexes/Fire                   3
   e - Sticky Flame                   Conjuration/Fire             4
   f - Fireball                       Conjuration/Fire             5
Comestibles
 c - 2 bread rations
 g - 4 fruits
 n - a meat ration
 r - 3 chunks of flesh


   Skills:
 - Level 1.5 Dodging
 - Level 1.5 Stealth
 - Level 1.5 Spellcasting
 - Level 1.0 Conjurations
 + Level 5.9 Fire Magic


You couldn't memorise any spells.
You knew the following spells:

 Your Spells              Type           Power        Failure   Level  Hunger
a - Flame Tongue          Conj/Fire      ##...        8%          1    ##.....
b - Throw Flame           Conj/Fire      ##....       10%         2    ###....
c - Conjure Flame         Conj/Fire      ##......     17%         3    ####...


Dungeon Overview and Level Annotations

Branches:
Dungeon (3/15)

Altars:
Fedhas
Yredelemnul


Message History

The orc wizard flickers and vanishes!
Deactivating autopickup; reactivate with Ctrl-A.
The orc priest hits you but does no damage.
You completely miss the orc priest.
The orc priest is lightly wounded.
The orc priest mumbles some strange prayers to Beogh against you.
Pain shoots through your body!
You hit the orc priest. You burn the orc priest.
The orc priest is heavily wounded.
Something hits you but does no damage.
The orc priest threatens, "By the altar or by the axe, you will meet Beogh!"
The orc priest misses you.
You hear some strange, mumbled words.
A magic dart appears from out of thin air!
The magic dart hits you!
The orc priest shouts, "Beogh is our master!
Accept the truth or die!"
The orc priest closely misses you.
The orc priest invokes the aid of Beogh against you.
Beogh smites you!
You die...

#<........#.#.##..........
###.......#.#.##..........
#.......#.#.##..########
##+#<#..#.#.##..#
#.#..#.......########
#.#.................. #.#
.#.#.##..######.# ...
................ ..#
#.####@.######. ...
#.####o........ .###
#....o{........
#.############.


You could see an orc priest and an orc.

Vanquished Creatures
  4 gnolls (D:2)
  An adder (D:2)
  A dart slug (D:2)
  2 orcs (D:3)
  A ball python (D:1)
  4 giant cockroaches
  4 hobgoblins
  3 jackals (D:1)
  A quokka (D:2)
  10 bats
  9 giant newts
  2 gnoll zombies (D:2)
  7 goblins
  A kobold (D:2)
  6 rats
56 creatures vanquished.

Notes
Turn   | Place    | Note
--------------------------------------------------------------
     0 | D:1      | Gottschkopf the Hill Orc Fire Elementalist began the quest for the Orb.
     0 | D:1      | Reached XP level 1. HP: 14/14 MP: 3/3
   610 | D:1      | Reached XP level 2. HP: 14/20 MP: 0/4
   667 | D:1      | Reached skill level 4 in Fire Magic
   681 | D:1      | Learned a level 2 spell: Throw Flame
  1141 | D:1      | Reached XP level 3. HP: 24/26 MP: 2/5
  2155 | D:2      | Found a blossoming altar of Fedhas.
  2356 | D:2      | Reached skill level 5 in Fire Magic
  2381 | D:2      | Reached XP level 4. HP: 14/33 MP: 0/6
  2972 | D:2      | Learned a level 3 spell: Conjure Flame
  3226 | D:2      | Found a basalt altar of Yredelemnul.
  3387 | D:3      | Killed from afar by an orc priest

Skill      XL: |  1  2  3 |
---------------+----------+-----
Fire Magic     | 4 5 |  5.9
Dodging        | |  1.5
Stealth        | |  1.5
Spellcasting   | |  1.5
Conjurations   | |  1.0

Action                   |  1- 3 |  4- 6 || total
-------------------------+-------+-------++-------
Melee: Unarmed           |    37 |       ||    37
       Dagger            |    30 |       ||    30
       Rapier            |       |     5 ||     5
 Cast: Flame Tongue      |    62 |    33 ||    95
  Eat: Chunk             |     6 |     4 ||    10
Armor: Robe              |    47 |     3 ||    50
Dodge: Dodged            |   114 |     9 ||   123
